 Dungeon Crawl Stone Soup version 0.23.2-30-g0e89c35649 (webtiles) character file.

Game seed: 14764925144023880139

23 Matador8 the Firebug (level 2, 0/20 HPs)
             Began as a Draconian Fire Elementalist on June 19, 2019.
             Slain by a jackal (2 damage)
             ... on level 2 of the Dungeon.
             The game lasted 00:05:09 (924 turns).

Matador8 the Firebug (Draconian Fire Elementalist)   Turns: 924, Time: 00:05:10

Health: 0/20       AC:  4    Str: 10    XL:     2   Next: 72%
Magic:  1/5        EV: 12    Int: 15    God:
Gold:   35         SH:  0    Dex: 11    Spells: 4/5 levels left

rFire    . . .     SeeInvis .   a - +0 whip (curse)
rCold    . . .     Gourm    .   (no shield)
rNeg     . . .     Faith    .   (armour unavailable)
rPois    .         Spirit   .   (helmet restricted)
rElec    .         Reflect  .   (no cloak)
rCorr    .         Harm     .   (no gloves)
MR       .....                  (no boots)
Stlth    ++........             (no amulet)
HPRegen  0.06/turn              (no ring)
MPRegen  0.09/turn              (no ring)

@: no status effects
A: unfitting armour, cold-blooded, AC +4
a: no special abilities


You were on level 2 of the Dungeon.
You were not hungry.

You visited 1 branch of the dungeon, and saw 2 of its levels.

You collected 35 gold pieces.

Inventory:

Hand Weapons
 a - a cursed +0 whip (weapon)
 b - a +0 hunting sling
 l - a +2 spear of venom
Missiles
 j - 85 stones (quivered)
Scrolls
 h - 4 scrolls of identify {unknown}
 m - a scroll of remove curse {unknown}
Potions
 c - a potion of degeneration {unknown}
 d - a potion of magic {unknown}
 e - a potion of brilliance {unknown}
 i - a potion of flight {unknown}
 k - a potion of curing {unknown}
Comestibles
 f - 4 chunks of flesh
 g - 5 rations


   Skills:
 - Level 1.7 Dodging
 - Level 1.7 Stealth
 + Level 2.1 Spellcasting
 * Level 2.6 Conjurations
 - Level 3.0 Fire Magic


You had 4 spell levels left.
You knew the following spells:

 Your Spells              Type           Power        Failure   Level  Hunger
a - Flame Tongue          Conj/Fire      ##...        7%          1    #......

Your spell library contained the following spells:

 Spells                   Type           Power        Failure   Level  Hunger
 Throw Flame              Conj/Fire      ##....       11%         2    ###....
 Conjure Flame            Conj/Fire      ##......     21%         3    ###....
 Inner Flame              Hex/Fire       #.......     34%         3    ###....
 Sticky Flame             Conj/Fire      ##......     56%         4    #####..
 Fireball                 Conj/Fire      ##........   88%         5    ######.


Dungeon Overview and Level Annotations

Branches:
Dungeon (2/15)

Altars:


Innate Abilities, Weirdness & Mutations

Your plain brown scales are hard. (AC +4)
You cannot fit into any form of body armour.
You are cold-blooded and may be slowed by cold attacks.


Message History

The jackal bites you but does no damage.
The jackal closely misses you.
Casting: Flame Tongue (safe; 7% risk of failure)
Confirm with . or Enter, or press ? or * to list all spells.
Aiming: Flame Tongue (safe; 7% risk of failure)
Press: ? - help, Shift-Dir - straight line, f - jackal
Aim: a jackal The flame tongue hits the jackal.
The jackal is moderately wounded.
The jackal misses you. The jackal barely misses you.
Casting: Flame Tongue (safe; 7% risk of failure)
Confirm with . or Enter, or press ? or * to list all spells.
Aiming: Flame Tongue (safe; 7% risk of failure)
Press: ? - help, Shift-Dir - straight line, f/p - jackal
Aim: a jackal (moderately wounded)
The flame tongue misses the jackal. x2
The jackal bites you.
* * * LOW HITPOINT WARNING * * *
The jackal bites you.
You die...

##.# #... ###### #..# #....#
#..# #....###..# #.........#
####### #.....##..# ##.....#
#.....##.)##...
.......#####....@h.........
#รท..............>h#..###...
##.....######.#...#....# #
.#.....# #.#...#....#
.......# #.....#.....#
.......# ##...)#.......
..###### #....#.#####. ###
#....#.# ##...#


You could see 2 jackals.

Vanquished Creatures
  A dart slug (D:1)
  A giant cockroach (D:1)
  A goblin (D:1)
  4 hobgoblins
  A ball python (D:2)
  4 bats
  A frilled lizard (D:2)
  3 kobolds (D:1)
  5 rats
21 creatures vanquished.

Notes
Turn   | Place    | Note
-------+----------+-------------------------------------------
     0 | D:1      | Matador8 the Draconian Fire Elementalist began the quest
                  | for the Orb.
     0 | D:1      | Reached XP level 1. HP: 14/14 MP: 3/3
   243 | D:1      | Reached XP level 2. HP: 19/20 MP: 1/5
   924 | D:2      | Slain by a jackal

Skill      XL: |  1 |
---------------+----+-----
Conjurations   | 2 |  2.6
Dodging        | |  1.7
Stealth        | |  1.7
Spellcasting   | |  2.1
Fire Magic     | |  3.0

Action                   || total
-------------------------++-------
Melee: Dagger            ||    11
       Whip              ||    36
       Tailslap          ||     2
 Cast: Flame Tongue      ||    13
 Stab: Sleeping          ||     4
Armor: Skin              ||    23
Dodge: Dodged            ||    34
